 Dungeon Crawl Stone Soup version 0.18-a0-1685-g4482fe3 (webtiles) character file.

144 4thArraOfDagon the Chopper (level 5, -1/47 HPs)
             Began as a Hill Orc Berserker on Apr 4, 2016.
             Was a Believer of Trog.
             Slain by a gnoll
             ... wielding a +0 halberd
              (10 damage)
             ... on level 3 of the Dungeon.
             The game lasted 00:01:50 (359 turns).

4thArraOfDagon the Chopper (Hill Orc Berserker)      Turns: 359, Time: 00:01:51

Health: -1/47      AC:  9    Str: 21    XL:     5   Next: 26%
Magic:  5/5        EV:  8    Int:  7    God:    Trog [**....]
Gold:   27         SH:  0    Dex: 10    Spells: 0 memorised, 4 levels left

rFire  . . .     SeeInvis .     a - +0 hand axe
rCold  . . .     Gourm    .     i - +0 chain mail
rNeg   . . .     Faith    .     (no shield)
rPois  .         Spirit   .     (no helmet)
rElec  .         Dismiss  .     (no cloak)
rCorr  .         Reflect  .     (no gloves)
SustAt .         Harm     .     (no boots)
MR     .....                    (no amulet)
Stlth  ..........               (no ring)
                                (no ring)

@: lethally poisoned (-1 -> -5), exhausted, slowed, very slow, not resistant to
hostile enchantments, extremely unstealthy
A: no striking features
a: Berserk, Trog's Hand, Burn Spellbooks, Renounce Religion


You were on level 3 of the Dungeon.
You worshipped Trog.
Trog was pleased with you.
You were near starving.

You visited 1 branch of the dungeon, and saw 4 of its levels.

You collected 27 gold pieces.

Inventory:

Hand Weapons
 a - a +0 hand axe (weapon)
Armour
 i - a +0 chain mail (worn)
Scrolls
 e - a scroll of noise {unknown}
 g - a scroll of teleportation {unknown}
 h - a scroll of fog {unknown}
Comestibles
 c - a bread ration
 f - 4 fruits


   Skills:
 + Level 4.6 Fighting
 * Level 6.1 Axes
 + Level 3.4 Armour
 - Level 1.5 Dodging


You had 4 spell levels left.
You didn't know any spells.

Dungeon Overview and Level Annotations

Branches:
Dungeon (4/15)
 Temple: D:4-7

Altars:
Qazlal

Annotations:
D:4 FrancescoMac's ghost, amateur DsCK


Message History

There is an escape hatch in the ceiling here.
Unknown command.
Unknown command.
FrancescoMac's ghost hits you.
* * * LOW HITPOINT WARNING * * *
FrancescoMac's ghost hits you but does no damage.
All of the chunks of flesh in your inventory have rotted away.
A mysterious force pulls you upwards. The hatch slams shut behind you.
You hear the sound of rushing water.
There is an entrance to a sewer on this level.
Hurry and find it before the portal rusts away!
You hear the rusting of a distant drain.
The gnoll shouts! x2
A bat, an adder and 2 gnolls come into view.
The bat barely misses you. The bat hits you but does no damage.
The adder bites you.
* * * LOW HITPOINT WARNING * * *
You are poisoned.
The adder poisons you! The adder bites you but does no damage.
The gnoll hits you from afar with a halberd!
You die...

#.........##
#...g...g..
#.
#.........#
#. #.........
# ##.
#....g..###.#
...
#..........#
...
#g........#
...
#.S@.....#
...
#..b.....#
#..
#........#
#...
#.........#
#...
#########.#
#... # #...
#.. ##) #..


You could see 4 gnolls, an adder and a bat.

Vanquished Creatures
  A giant frog skeleton (D:4)
  An orc priest (D:4)
  2 orc wizards (D:4)
  An adder (D:3)
  A giant gecko (D:1)
  6 orcs (D:4)
  2 giant cockroaches
  3 hobgoblins (D:1)
  A bat (D:2)
  A giant newt (D:2)
  A goblin (D:1)
20 creatures vanquished.

Notes
Turn   | Place    | Note
--------------------------------------------------------------
     0 | D:1      | 4thArraOfDagon the Hill Orc Berserker began the quest for the Orb.
     0 | D:1      | Reached XP level 1. HP: 19/19 MP: 1/1
    50 | D:1      | Reached XP level 2. HP: 27/27 MP: 2/2
   189 | D:4      | Found a stormy altar of Qazlal.
   208 | D:4      | Reached XP level 3. HP: 33/33 MP: 3/3
   210 | D:4      | Reached skill level 5 in Axes
   222 | D:4      | Reached XP level 4. HP: 28/41 MP: 4/4
   306 | D:4      | Noticed FrancescoMac's ghost (amateur DsCK)
   346 | D:4      | Reached ** piety under Trog
   346 | D:4      | Reached skill level 6 in Axes
   346 | D:4      | Reached XP level 5. HP: 46/47 MP: 5/5
   359 | D:3      | Slain by a gnoll

Vault maps used:
D:1:      dpeg_arrival_round_b, minmay_misc_feat_five
D:2:      nicolae_gozag_seed_capital, first_bread, uniq_natasha
D:3:      minmay_overflow_temple_star_quad, lemuel_zombie_altar_kikubaaqudgha,
          lemuel_doored_altar, gup_sewer_entry_spiral, amalloy_card_club
D:4:      kennysheep_mini, vehumet_altar_wand_db, temple_green, uniq_pikel

Skill      XL: |  1  2  3  4 |
---------------+-------------+-----
Fighting       | 4 |  4.6
Axes           | 5 6 |  6.1
Armour         | 3 |  3.4
Dodging        | |  1.5

Action                   |  1- 3 |  4- 6 || total
-------------------------+-------+-------++-------
Melee: Hand axe          |    35 |    13 ||    48
Invok: Berserk           |     3 |     1 ||     4
  Use: Potion            |     1 |       ||     1
 Stab: Sleeping          |     1 |       ||     1
  Eat: Chunk             |       |     1 ||     1
